Map: Backcountry

Players

JohnMcClane - Winner!

  • Race: Protoss Protoss
  • League: Silver
  • Spawn Location: 5:00

Hindulaatti - Winner!

  • Race: Protoss Protoss
  • League: Diamond
  • Spawn Location: 5:00

JackONeill - Winner!

  • Race: Zerg Zerg
  • Spawn Location: 5:00

dante

  • Race: Zerg Zerg
  • Spawn Location: 9:00

goblin

  • Race: Protoss Protoss
  • Spawn Location: 11:00

tolik

  • Race: Protoss Protoss
  • Spawn Location: 11:00

VOD

Have the link to the VOD?

Description

Time

  • Played on: Jan. 18, 2016, 10:38 a.m.
  • Length: 8:50
Show
View Real Time Build Order
Export as new Build Order

JohnMcClane Protoss - Winner!

Build Orders: Cannon Rush 

Get SALT Encoding   

  12  0:01  Probe (Chrono Boost)  
  13  0:11  Probe (Chrono Boost)  
  14  0:22  Probe (Chrono Boost)  
  15  0:44  Pylon  
  15  1:02  Forge, Probe (Chrono Boost)  
  16  1:20  Pylon  
  16  1:35  Photon Cannon  
  16  1:38  Probe (Chrono Boost)  
  17  1:49  Probe (Chrono Boost)  
  17  1:51  Photon Cannon  
  17  1:52  Photon Cannon  
  18  1:54  Pylon  
  18  2:12  Probe (Chrono Boost)  
  18  2:22  Probe (Chrono Boost)  
  19  2:34  Gateway  
  19  2:37  Photon Cannon  
  19  2:45  Assimilator  
  19  2:48  Assimilator  
  19  2:51  Pylon  
  19  2:53  Photon Cannon  
  19  2:55  Photon Cannon  
  19  2:56  Photon Cannon  
  19  2:58  Pylon  
  19  3:12  Photon Cannon  
  19  3:21  Photon Cannon  
  18  3:38  Probe (Chrono Boost)  
  19  3:47  Cybernetics Core  
  19  3:49  Probe (Chrono Boost)  
  19  3:53  Pylon  
  20  4:05  Probe (Chrono Boost)  
  21  4:21  Probe (Chrono Boost)  
  22  4:29  Nexus  
  22  4:36  Pylon  
  22  4:39  Warp Gate  
  22  4:47  Mothership Core (Chrono Boost)  
  24  5:31  Forge  
  24  5:33  Assimilator  
  24  5:43  Nexus  
  24  5:56  Probe (Chrono Boost)  
  25  6:06  Photon Cannon  
  25  6:07  Probe (Chrono Boost)  
  26  6:13  Assimilator  
  26  6:17  Probe (Chrono Boost)  
  27  6:27  Twilight Council  
  27  6:28  Probe (Chrono Boost)  
  27  6:31  Pylon, Probe (Chrono Boost)  
  29  6:38  Probe (Chrono Boost)  
  30  6:41  Probe (Chrono Boost)  
  31  6:49  Probe (Chrono Boost)  
  31  6:52  Probe (Chrono Boost)  
  31  6:54  Pylon  
  33  6:59  Probe (Chrono Boost)  
  33  7:00  Probe (Chrono Boost)  
  35  7:02  Probe (Chrono Boost)  
  35  7:03  Assimilator  
  36  7:14  Probe (Chrono Boost)  
  37  7:16  Probe (Chrono Boost)  
  37  7:17  Probe (Chrono Boost)  
  39  7:24  Probe  
  40  7:42  Probe  
  40  7:47  Photon Cannon  
  40  7:48  Probe x2  
  43  7:53  Probe  
  44  8:10  Probe  
  44  8:11  Probe  
  44  8:12  Probe  
  46  8:13  Gateway  
  46  8:14  Gateway  
  47  8:22  Probe (Chrono Boost)  
  47  8:23  Probe (Chrono Boost)  
  47  8:24  Probe (Chrono Boost)  
  50  8:33  Probe (Chrono Boost)  
  51  8:35  Probe (Chrono Boost)  
  51  8:38  Assimilator, Probe (Chrono Boost)  
Show
View Real Time Build Order
Export as new Build Order

Hindulaatti Protoss - Winner!

Build Orders:  

Get SALT Encoding   

  12  0:01  Probe (Chrono Boost)  
  13  0:12  Probe (Chrono Boost)  
  14  0:20  Pylon  
  14  0:24  Probe (Chrono Boost)  
  15  0:38  Probe (Chrono Boost)  
  16  0:44  Gateway  
  16  0:48  Probe (Chrono Boost)  
  17  0:59  Assimilator, Probe (Chrono Boost)  
  18  1:08  Pylon  
  18  1:09  Probe (Chrono Boost)  
  19  1:20  Probe (Chrono Boost)  
  20  1:30  Probe (Chrono Boost)  
  21  1:35  Cybernetics Core  
  21  1:39  Zealot  
  23  1:41  Probe (Chrono Boost)  
  24  1:52  Probe (Chrono Boost)  
  25  2:02  Probe (Chrono Boost)  
  25  2:05  Assimilator  
  26  2:11  Warp Gate (Chrono Boost)  
  26  2:17  Probe  
  26  2:21  Gateway  
  27  2:23  Gateway  
  27  2:24  Pylon  
  27  2:34  Adept  
  27  2:36  Probe  
  30  2:58  Probe  
  31  3:01  Adept  
  33  3:10  Stalker  
  33  3:11  Adept  
  37  3:15  Pylon  
  37  3:16  Pylon  
  37  3:28  Nexus  
  37  3:31  Adept  
  39  3:36  Probe  
  39  3:38  Adept  
  42  4:09  Probe  
  34  4:21  Probe  
  33  4:49  Probe x2 (Chrono Boost)  
  33  4:52  Adept x3  
  37  4:57  Pylon  
  37  5:07  Probe x2 (Chrono Boost)  
  39  5:15  Robotics Facility  
  39  5:20  Adept x3  
  45  5:24  Probe x2 (Chrono Boost)  
  47  5:35  Probe x2 (Chrono Boost)  
  49  5:36  Assimilator  
  49  5:38  Assimilator  
  49  5:45  Probe x2 (Chrono Boost)  
  49  5:47  Gateway x2  
  51  5:50  Adept x2  
  55  6:06  Adept  
  57  6:18  Gateway  
  57  6:20  Pylon, Gateway  
  57  6:23  Gateway  
  57  6:27  Probe x2 (Chrono Boost)  
  59  6:39  Immortal  
  63  6:49  Probe x2 (Chrono Boost)  
  65  6:55  Pylon  
  65  7:00  Probe (Chrono Boost)  
  65  7:01  Probe (Chrono Boost)  
  67  7:03  Adept  
  67  7:04  Adept  
  67  7:06  Adept  
  73  7:11  Probe (Chrono Boost)  
  74  7:20  Immortal  
  78  7:23  Probe x2 (Chrono Boost)  
  80  7:38  Probe x2 (Chrono Boost)  
  70  8:06  Adept x8, Nexus  
  90  8:29  Adept x2  
  94  8:34  Pylon  
  94  8:35  Pylon  
  94  8:36  Pylon  
  94  8:39  Pylon  
Show
View Real Time Build Order
Export as new Build Order

JackONeill Zerg - Winner!

Build Orders: Hatch First 

Get SALT Encoding   

  12  0:01  Drone  
  13  0:08  Drone  
  14  0:17  Overlord  
  14  0:24  Extractor  
  14  0:25  Drone  
  15  0:36  Drone x2  
  17  0:56  Hatchery  
  16  0:58  Drone  
  16  1:01  Drone  
  18  1:16  Spawning Pool  
  17  1:19  Drone  
  17  1:22  Extractor  
  17  1:26  Drone  
  17  1:31  Drone  
  19  1:38  Drone  
  20  1:55  Drone  
  21  2:04  Drone  
  21  2:07  Queen  
  24  2:09  Overlord  
  25  2:15  Drone  
  25  2:21  Queen  
  27  2:23  Drone  
  27  2:24  Overlord  
  28  2:32  Drone x2  
  30  2:42  Overlord  
  30  2:46  Metabolic Boost  
  30  2:49  Zergling x2  
  31  2:52  Drone  
  31  2:54  Overlord  
  32  3:02  Drone  
  33  3:08  Baneling Nest  
  33  3:12  Drone  
  33  3:15  Drone x3  
  33  3:17  Drone x2  
  38  3:21  Lair  
  38  3:24  Drone, Extractor  
  38  3:37  Drone x4  
  38  3:40  Extractor  
  41  3:42  Extractor  
  41  3:47  Drone x2  
  42  3:54  Zergling x6  
  42  3:55  Zergling x4  
  47  4:06  Zergling x2  
  47  4:07  Zergling x6  
  52  4:10  Zergling x2  
  52  4:21  Drone x3  
  55  4:27  Drone x2  
  57  4:33  Infestation Pit  
  57  4:35  Evolution Chamber  
  57  4:37  Evolution Chamber  
  54  4:39  Zergling x6  
  57  4:48  Zergling x2  
  57  4:49  Zergling x4  
  57  4:51  Overlord x2  
  60  5:15  Overlord x2  
  60  5:18  Zerg Melee Weapons Level 1  
  60  5:19  Zerg Ground Armor Level 1  
  60  5:20  Hive  
  60  5:32  Overlord  
  60  5:58  Overlord x2  
  60  6:05  Centrifical Hooks  
  60  6:10  Hatchery  
  59  6:11  Spore Crawler  
  59  6:14  Spore Crawler  
  59  6:15  Drone  
  59  6:16  Drone x2  
  60  6:33  Ultralisk Cavern  
  59  6:46  Overlord x2  
  59  6:50  Adrenal Glands  
  59  7:13  Hatchery, Extractor  
  57  7:16  Extractor  
  57  7:20  Chitinous Plating  
  57  7:22  Ultralisk x2  
  68  7:25  Queen  
  68  7:26  Drone x3  
  73  7:36  Baneling x3  
  73  7:37  Baneling x5  
  73  7:38  Baneling x3  
  73  7:47  Drone x2  
  73  7:48  Drone x2  
  73  7:50  Drone  
  62  8:19  Drone x3  
Show
View Real Time Build Order
Export as new Build Order

dante Zerg 

Build Orders: Pool First 

Get SALT Encoding   

  12  0:01  Drone  
  13  0:08  Drone  
  14  0:17  Overlord  
  14  0:36  Spawning Pool  
  14  0:41  Drone  
  14  0:51  Drone  
  14  0:52  Drone  
  14  0:56  Extractor  
  15  1:27  Zergling x2  
  15  1:28  Zergling x4  
  15  1:30  Hatchery  
  17  1:40  Queen  
  19  1:52  Overlord  
  19  1:58  Extractor  
  18  2:13  Zergling x6  
  18  2:30  Zergling x2, Spine Crawler  
  18  2:39  Metabolic Boost  
  18  2:42  Drone  
  19  2:57  Zergling x4  
  21  3:07  Zergling x4  
  23  3:13  Zergling x2  
  23  3:19  Zergling x2  
  25  3:37  Spine Crawler  
  24  3:47  Zergling x2  
  24  3:48  Zergling x4  
  27  3:57  Zergling x2  
  27  4:07  Zergling x6  
  21  4:17  Zergling x2  
  21  4:29  Zergling x4  
  20  4:46  Zergling x4  
  21  4:58  Drone  
  17  5:10  Zergling x8  
  21  5:25  Zergling x2  
  22  5:33  Overlord  
  22  5:50  Overlord  
  22  5:53  Zergling x6  
  22  5:55  Drone  
  26  6:07  Zergling x2  
  27  6:17  Zergling x2  
  28  6:24  Zergling x6  
  30  6:34  Zergling x2  
  29  6:45  Zergling x2  
  30  6:53  Zergling x2  
  30  7:01  Zergling x4  
  30  7:02  Roach Warren  
  32  7:08  Zergling x2  
  32  7:14  Zergling x2  
  33  7:27  Spine Crawler  
  32  7:31  Zergling x2  
  32  7:42  Drone x2  
  34  7:46  Drone  
  29  8:00  Drone x2  
  27  8:07  Drone x2  
  22  8:13  Drone  
Show
View Real Time Build Order
Export as new Build Order

goblin Protoss 

Build Orders:  

Get SALT Encoding   

  12  0:03  Probe (Chrono Boost)  
  13  0:14  Pylon  
  13  0:20  Probe (Chrono Boost)  
  14  0:30  Probe (Chrono Boost)  
  15  0:36  Gateway  
  15  0:46  Probe (Chrono Boost)  
  16  0:59  Pylon  
  16  1:03  Probe (Chrono Boost)  
  17  1:06  Assimilator  
  17  1:23  Gateway  
  17  1:26  Zealot (Chrono Boost)  
  19  1:34  Forge  
  19  1:39  Probe  
  20  1:46  Assimilator  
  20  1:50  Pylon  
  20  1:58  Pylon  
  20  2:15  Zealot (Chrono Boost)  
  22  2:19  Zealot (Chrono Boost)  
  22  2:24  Gateway  
  22  2:29  Photon Cannon  
  22  2:35  Probe  
  23  2:47  Probe  
  22  2:57  Zealot (Chrono Boost)  
  24  2:58  Zealot (Chrono Boost)  
  24  3:07  Photon Cannon  
  26  3:20  Zealot (Chrono Boost)  
  22  3:39  Zealot (Chrono Boost)  
  26  3:42  Zealot (Chrono Boost)  
  26  3:47  Zealot (Chrono Boost)  
  26  3:48  Photon Cannon  
  26  4:04  Photon Cannon  
  24  4:14  Zealot (Chrono Boost)  
  22  4:35  Cybernetics Core  
  22  4:48  Zealot (Chrono Boost)  
  22  4:51  Zealot x2 (Chrono Boost)  
  28  4:59  Protoss Ground Weapons Level 1 (Chrono Boost)  
  28  5:06  Gateway  
  28  5:19  Zealot (Chrono Boost)  
  34  5:21  Zealot (Chrono Boost)  
  34  5:23  Zealot (Chrono Boost)  
  34  5:35  Warp Gate  
  34  5:46  Adept (Chrono Boost)  
  40  5:50  Adept (Chrono Boost)  
  40  5:51  Adept (Chrono Boost)  
  36  6:15  Twilight Council  
  36  6:51  Protoss Shields Level 1 (Chrono Boost)  
  36  6:53  Adept (Chrono Boost)  
  38  6:57  Adept x3 (Chrono Boost)  
  38  7:00  Charge  
Show
View Real Time Build Order
Export as new Build Order

tolik Protoss 

Build Orders:  

Get SALT Encoding   

  12  0:04  Probe (Chrono Boost)  
  13  0:15  Probe (Chrono Boost)  
  14  0:22  Pylon  
  14  0:26  Probe (Chrono Boost)  
  15  0:31  Pylon  
  15  0:41  Probe (Chrono Boost)  
  16  0:52  Probe (Chrono Boost)  
  17  1:01  Assimilator  
  17  1:02  Probe (Chrono Boost)  
  18  1:05  Assimilator  
  18  1:11  Gateway  
  18  1:13  Probe (Chrono Boost)  
  19  1:23  Probe (Chrono Boost)  
  19  1:24  Gateway  
  20  1:35  Forge  
  20  1:38  Probe (Chrono Boost)  
  21  1:49  Probe (Chrono Boost)  
  22  1:59  Probe (Chrono Boost)  
  22  2:00  Zealot (Chrono Boost)  
  25  2:11  Photon Cannon  
  25  2:13  Zealot (Chrono Boost)  
  27  2:32  Zealot (Chrono Boost)  
  27  2:35  Photon Cannon  
  27  2:37  Gateway  
  27  2:42  Gateway  
  27  2:46  Probe  
  27  2:49  Zealot (Chrono Boost)  
  30  2:57  Photon Cannon  
  24  3:46  Photon Cannon  
  24  3:53  Zealot (Chrono Boost)  
  24  3:54  Zealot (Chrono Boost)  
  28  4:10  Photon Cannon  
  28  4:15  Photon Cannon  
  30  4:20  Zealot (Chrono Boost)  
  30  4:23  Pylon  
  30  4:24  Pylon  
  32  4:45  Zealot (Chrono Boost)  
  32  4:51  Zealot (Chrono Boost)  
  34  4:57  Gateway  
  34  5:01  Gateway  
  34  5:03  Cybernetics Core  
  34  5:12  Zealot (Chrono Boost)  
  36  5:18  Zealot (Chrono Boost)  
  38  5:27  Pylon  
  38  5:28  Pylon  
  38  5:39  Zealot (Chrono Boost)  
  38  5:40  Warp Gate  
  42  5:45  Zealot (Chrono Boost)  
  42  5:54  Zealot x2 (Chrono Boost)  
  46  6:01  Twilight Council  
  46  6:25  Pylon, Adept x3 (Chrono Boost)  
  54  6:26  Adept (Chrono Boost)  
  54  6:43  Charge (Chrono Boost)  
  54  6:50  Photon Cannon  
  54  7:10  Adept x4 (Chrono Boost)  
  40  8:20  Zealot x4  
Tags
 
Add a new tag
Caveats
  • Supply blocks, unpowered buildings, or Contaminate may cause inaccurate times.
  • Supply counts are checked every 10 seconds.